Map: Tropical Sacrifice

Players

Timorus - Winner!

  • Race: Terran Terran
  • Spawn Location: 7:00

Gerald

  • Race: Protoss Protoss
  • Spawn Location: 1:00

Event: DreamHack SC2 Masters 2022 Atlanta (Offline)

VOD

Have the link to the VOD?

Description

Time

  • Played on: Nov. 18, 2022, 10:29 a.m.
  • Length: 11:25

All games in this series

Show
View Real Time Build Order
Export as new Build Order

Timorus Terran - Winner!

Build Orders: Reaper Expand 

Get SALT Encoding   

  12  0:00  SCV  
  13  0:12  SCV  
  14  0:18  Supply Depot  
  14  0:24  SCV  
  15  0:39  SCV  
  15  0:40  Barracks  
  16  0:46  Refinery  
  16  0:51  SCV  
  17  1:03  SCV  
  18  1:16  SCV  
  18  1:32  Orbital Command  
  18  1:34  Reaper  
  19  1:44  Command Center  
  19  1:56  Supply Depot  
  19  1:58  SCV  
  20  2:06  Marine  
  21  2:11  SCV  
  21  2:14  Factory  
  22  2:19  Refinery  
  22  2:23  SCV  
  22  2:27  Barracks Reactor  
  23  2:31  Bunker  
  23  2:35  SCV  
  25  2:51  SCV  
  25  2:57  Orbital Command  
  25  3:00  Starport  
  25  3:04  Marine x2  
  27  3:07  Factory Tech Lab  
  27  3:09  SCV  
  28  3:21  SCV, Marine  
  28  3:22  Marine  
  31  3:29  SCV  
  32  3:35  SCV  
  32  3:40  Siege Tank  
  36  3:41  SCV  
  36  3:47  SCV  
  38  3:48  Marine, Starport Tech Lab  
  38  3:49  Supply Depot, Marine  
  38  3:53  SCV  
  41  3:59  SCV  
  42  4:06  Supply Depot, SCV, Marine x2  
  45  4:16  Siege Tank  
  48  4:17  SCV  
  48  4:22  SCV  
  48  4:23  Supply Depot  
  50  4:24  Marine x2  
  50  4:29  SCV  
  52  4:34  SCV  
  52  4:35  Banshee  
  52  4:37  Supply Depot  
  56  4:42  Refinery, SCV  
  56  4:43  Marine x2  
  59  4:46  SCV  
  59  4:51  Supply Depot  
  60  4:54  SCV  
  60  4:59  Siege Tank  
  64  5:01  SCV  
  64  5:03  Supply Depot, Barracks  
  64  5:04  Barracks, Marine x2  
  67  5:09  SCV  
  67  5:13  Supply Depot, SCV  
  69  5:15  Refinery  
  69  5:17  Banshee  
  72  5:22  SCV, Marine  
  72  5:23  Marine  
  72  5:25  SCV  
  72  5:27  Supply Depot  
  76  5:31  Siege Tank  
  79  5:42  Marine  
  79  5:43  Marine  
  79  5:45  SCV  
  82  5:50  Supply Depot  
  82  5:52  Marine x2  
  82  5:55  SCV  
  82  5:57  SCV  
  78  6:05  Bunker x2  
  78  6:07  SCV  
  78  6:09  SCV  
  71  6:24  Bunker  
  71  6:25  Bunker  
  60  6:31  SCV  
  56  6:36  Marine x2  
  38  6:59  Bunker  
  36  7:03  SCV  
  36  7:04  SCV  
  35  7:10  Marine  
  35  7:11  Marine x2  
  37  7:18  SCV  
  25  8:24  SCV  
  25  8:31  Orbital Command  
Show
View Real Time Build Order
Export as new Build Order

Gerald Protoss 

Build Orders: 1 Gate Expand, Blink Stalkers 

Get SALT Encoding   

  12  0:00  Probe  
  13  0:12  Probe  
  14  0:19  Pylon  
  14  0:24  Probe (Chrono Boost)  
  15  0:38  Probe (Chrono Boost)  
  15  0:40  Gateway  
  16  0:44  Probe (Chrono Boost)  
  16  0:49  Assimilator  
  17  0:53  Probe  
  18  1:05  Probe  
  19  1:18  Probe  
  20  1:28  Cybernetics Core  
  20  1:30  Probe  
  20  1:42  Nexus  
  20  1:47  Pylon  
  20  1:50  Probe  
  21  1:55  Assimilator  
  21  2:02  Probe  
  21  2:03  Adept (Chrono Boost)  
  24  2:10  Warp Gate  
  24  2:14  Probe  
  25  2:26  Probe, Stalker (Chrono Boost)  
  28  2:38  Probe  
  28  2:44  Twilight Council  
  28  2:51  Probe  
  28  2:54  Probe  
  29  3:03  Probe  
  30  3:06  Probe  
  30  3:09  Stalker  
  33  3:15  Probe  
  33  3:18  Probe  
  35  3:20  Blink (Chrono Boost)  
  35  3:27  Probe  
  35  3:30  Probe  
  37  3:39  Probe  
  38  3:46  Probe  
  38  3:47  Robotics Facility  
  37  3:51  Gateway, Probe  
  38  3:58  Probe  
  38  4:01  Stalker  
  41  4:03  Probe  
  42  4:10  Probe, Assimilator, Pylon  
  42  4:15  Probe  
  44  4:22  Probe  
  45  4:27  Probe  
  46  4:34  Observer (Chrono Boost), Gateway x2, Stalker  
  46  4:38  Shield Battery  
  49  4:40  Probe  
  50  4:46  Warp Prism (Chrono Boost), Pylon  
  50  4:51  Stalker  
  54  4:58  Pylon  
  54  5:04  Probe  
  54  5:06  Stalker  
  57  5:11  Observer  
  58  5:15  Stalker  
  58  5:19  Nexus  
  60  5:24  Probe x2  
  60  5:28  Pylon  
  62  5:37  Stalker x2  
  62  5:38  Stalker  
  68  5:48  Charge (Chrono Boost)  
  68  5:50  Probe  
  68  5:54  Gateway  
  68  5:56  Stalker  
  71  6:00  Stalker  
  72  6:08  Stalker x2  
  76  6:20  Probe  
  76  6:21  Dark Shrine  
  76  6:25  Stalker x2, Pylon  
  74  6:27  Pylon  
  74  6:31  Probe  
  67  6:35  Pylon  
  67  6:45  Sentry  
  68  6:59  Stalker x3  
  68  7:13  Probe (Chrono Boost)  
  69  7:19  Pylon x2  
  69  7:20  Probe (Chrono Boost)  
  69  7:30  Probe (Chrono Boost)  
  69  7:33  Dark Templar  
  69  7:35  Probe (Chrono Boost)  
  63  7:39  Dark Templar  
  63  7:43  Probe  
  66  7:46  Zealot x2, Probe  
  62  7:58  Probe  
  61  8:09  Zealot  
  61  8:10  Observer  
  61  8:11  Zealot  
  64  8:16  Probe (Chrono Boost)  
  65  8:31  Probe  
  65  8:34  Shield Battery  
  66  8:35  Zealot x2  
  70  8:43  Probe  
  56  9:42  Observer  
  56  9:44  Observer  
  56  10:13  Observer  
  44  10:23  Dark Templar  
Tags
 
Add a new tag
Caveats
  • Supply blocks, unpowered buildings, or Contaminate may cause inaccurate times.
  • Supply counts are checked every 10 seconds.